 Dungeon Crawl Stone Soup version 0.17-a0-854-g4a4ba72 (webtiles) character file.

70210 RobertPalmer the Sharpshooter (level 15, -4/97 HPs)
             Began as a Kobold Hunter on Apr 28, 2015.
             Was the Champion of Okawaru.
             Slain by Frances
             ... wielding a +0 halberd
              (16 damage)
             ... on level 12 of the Dungeon.
             The game lasted 01:08:28 (23232 turns).

RobertPalmer the Sharpshooter (Kobold Hunter)      Turns: 23232, Time: 01:08:28

Health: -4/97      AC: 18    Str: 14    XL:     15   Next: 77%
Magic:  15/15      EV: 38    Int: 14    God:    Okawaru [******]
Gold:   8          SH:  0    Dex: 24    Spells: 3 memorised, 5 levels left

rFire  . . .     SeeInvis +     a - +9 dagger of Chilly Death {freeze, rPois rF- rC++ MR+}
rCold  + + .     Clarity  +     e - +0 troll leather armour {Purgy}
rNeg   . . .     SustAb   .     (shield restricted)
rPois  +         Gourm    .     k - +2 helmet
rElec  .         Spirit   .     B - +2 cloak "Fyixuek" {Str+2 SInv}
rCorr  .         Warding  .     m - +1 pair of gloves
rMut   .         Stasis   .     N - +2 pair of boots
MR     ++...                    V - amulet of faith {Faith, !P}
Stlth  +++++.....               T - ring of protection from fire {rF+, !d}
                                h - ring "Ikulyas" {rPois Dex+2 SInv}

@: agile, heroism, very slightly contaminated, invisible, very resistant to
hostile enchantments, quite stealthy
A: carnivore 3, clarity
a: Heroism, Finesse, Renounce Religion


You were on level 12 of the Dungeon.
You worshipped Okawaru.
Okawaru was exalted by your worship.
You were not hungry.

You visited 4 branches of the dungeon, and saw 25 of its levels.
You also visited: Ice Cave and Volcano.

You collected 2515 gold pieces.
You spent 2507 gold pieces at shops.

Inventory:

Hand weapons
 a - the +9 dagger of Chilly Death (weapon) {freeze, rPois rF- rC++ MR+}
   (You bought it in a shop on level 4 of the Orcish Mines)

   It has been specially enchanted to freeze those struck by it, causing extra
   injury to most foes and up to half again as much damage against particularly
   susceptible opponents.
   It can also slow down cold-blooded creatures.
   It makes you vulnerable to fire.
   It greatly protects you from cold.
   It protects you from poison.
   It affects your resistance to hostile enchantments.
 b - the +7 arbalest "Pam Oki" {venom, rF+ MR+ Str+3 Stlth-}
   (Okawaru gifted it to you on level 11 of the Dungeon)

   It poisons the ammo it fires.
   It affects your strength (+3).
   It protects you from fire.
   It affects your resistance to hostile enchantments.
   It makes you less stealthy.
 l - the +10 long sword of Rira {speed, rPois MR+++ Int-3 Dex+3}
   (You found it on level 9 of the Dungeon)

   Attacks with this weapon are significantly faster.
   It affects your intelligence (-3).
   It affects your dexterity (+3).
   It protects you from poison.
   It affects your resistance to hostile enchantments.
Missiles
 c - 41 bolts
 o - 11 bolts of penetration
 r - a throwing net {=f, !d}
 w - 22 steel bolts
 J - 66 bolts of frost
 Y - 13 silver bolts
Armour
 e - a +0 troll leather armour (worn) {Purgy}
   (You found it on level 3 of the Dungeon)
 k - a +2 helmet (worn)
   (You found it on level 1 of the Dungeon)
 m - a +1 pair of gloves (worn)
   (You found it on level 1 of the Lair of Beasts)
 B - the +2 cloak "Fyixuek" (worn) {Str+2 SInv}
   (You found it on level 7 of the Dungeon)

   It affects your strength (+2).
   It enhances your eyesight.
 N - a +2 pair of boots (worn)
   (You found it on level 8 of the Lair of Beasts)
Jewellery
 h - the ring "Ikulyas" (left hand) {rPois Dex+2 SInv}
   (You bought it in a shop on level 4 of the Orcish Mines)

   [ring of see invisible]

   It affects your dexterity (+2).
   It protects you from poison.
   It enhances your eyesight.
 O - an uncursed amulet of resist mutation {rMut, !d}
   (You found it in an ice cave)
 Q - the ring of Kuuschep {Wiz rElec Int+6 Dex-2}
   (You found it in an ice cave)

   [ring of wizardry]

   It improves your spell success rate.
   It affects your intelligence (+6).
   It affects your dexterity (-2).
   It insulates you from electricity.
 T - a ring of protection from fire (right hand) {rF+, !d}
   (You found it in an ice cave)
 V - an amulet of faith (around neck) {Faith, !P}
   (You found it in an ice cave)
Magical devices
 i - a wand of disintegration (12)
   (You found it on level 12 of the Dungeon)
 C - a wand of magic darts (12)
   (You found it on level 7 of the Lair of Beasts)
 E - a wand of invisibility (4)
   (You found it on level 3 of the Lair of Beasts)
 X - a wand of fireball (4)
   (You found it on level 7 of the Lair of Beasts)
Scrolls
 d - 6 scrolls of amnesia
 j - 4 scrolls of fear
 p - 2 scrolls of magic mapping {!r}
 u - 3 scrolls of immolation {!r}
 F - 2 scrolls of recharging
 G - 10 scrolls of remove curse
 K - a scroll of enchant weapon
 L - a scroll of enchant armour
 P - a scroll of acquirement {unknown}
 R - a scroll of blinking {!r}
Potions
 g - 5 potions of curing
 t - 3 potions of might
 x - a potion of lignification {!q}
 y - a potion of cure mutation {!q}
 z - a potion of cancellation
 A - 3 potions of brilliance
 H - 2 potions of berserk rage {!q}
 S - a potion of heal wounds
 U - a potion of magic
 W - a potion of mutation {!q}
Books
 n - a book of Enchantments
   (You found it on level 2 of the Dungeon)
 v - a book of Burglary
   (You found it on level 6 of the Dungeon)
 D - a book of the Dragon
   (You found it on level 8 of the Dungeon)
 Z - a book of Beasts
   (You found it on level 8 of the Lair of Beasts)
Miscellaneous
 s - a fan of gales (inert)
   (You found it on level 3 of the Lair of Beasts)
 I - a lamp of fire (inert)
   (You found it on level 10 of the Dungeon)
Comestibles
 f - 10 beef jerkies
 q - 3 meat rations {@e2}


   Skills:
 - Level 12.6(17.6) Fighting
 - Level 12.2(20.4) Short Blades
 - Level 10.7(16.7) Long Blades
 - Level 16.5(21.5) Crossbows
 - Level 4.4(9.4) Armour
 + Level 12.3(17.3) Dodging
 - Level 1.3(6.3) Stealth
 - Level 2.5 Air Magic


You had 5 spell levels left.
You knew the following spells:

 Your Spells              Type           Power        Failure   Level  Hunger
d - Deflect Missiles      Chrm/Air       #.........   100%        6    #######
s - Swiftness             Chrm/Air       #.......     34%         2    ###....
B - Summon Butterflies    Summ           #.......     34%         1    ##.....


Dungeon Overview and Level Annotations

Branches:
Dungeon (12/15)            Temple (1/1) D:5            Lair (8/8) D:10
 Shoals (0/4) Lair:3        Snake (0/4) Lair:4        Slime (0/6) Lair:8
    Orc (4/4) D:11            Elf (0/3) Orc:3

Altars:
Ashenzari
Cheibriados
Dithmenos
Elyvilon
Fedhas
Gozag
Kikubaaqudgha
Makhleb
Nemelex Xobeh
Okawaru
Qazlal
Ru
Sif Muna
Trog
Vehumet
Xom
Yredelemnul
Zin
The Shining One

Shops:
D:4 (   D:8 :=?[   D:12 [!***   Orc:4 ([*=

Annotations:
D:2 Robin
D:4 RobertPalmer's ghost, experienced KoHu
D:6 Blork the orc
D:9 quik's ghost, powerful TrMo
D:12 Frances
Lair:1 exclusion: ice statue
Lair:5 exclusion: hog, Kirke; namelastname112's ghost, powerful DrHu


Innate Abilities, Weirdness & Mutations

You are small and have problems with some larger weapons.
You are carnivorous and can eat meat at any time.
You possess an exceptional clarity of mind.


Message History

You are too injured to fight recklessly!
Unknown command.
You hit Frances but do no damage. You barely miss Frances.
You hit Frances but do no damage.
Frances screams a word of power!
Frances seems to speed up.
You puncture Frances! You freeze Frances. Frances hits you with a halberd!!
You take 25 damage, and have 33/97 hp.
MASSIVE DAMAGE!!
You puncture Frances! You freeze Frances.
A fierce wind blows from the fan.
Frances is blown away by the wind.
The winds coalesce and take form.
Frances hits you from afar with a halberd!
* * * LOW HITPOINT WARNING * * *
You take 14 damage, and have 19/97 hp.
Unknown command.
Drink which item? (? for menu, Esc to quit)
You feel much better.
Frances is no longer encased in ice.
Frances completely misses you.
You regained 31 hp, and now have 50/97 hp.
Okay, then.
Here: Frances, wielding a halberd and wearing a chain mail (moderately wounded, fast)
The floor.
Drink which item? (? for menu, Esc to quit)
Okay, then.
You gain the combat prowess of a mighty hero.
You feel slightly less full.
Frances hits you from afar with a halberd!
You take 14 damage, and have 36/97 hp.
You now have 13/15 mp.
Your air elemental merges itself into the air.
Your air elemental forms itself from the air!
Frances barely misses you.
Your air elemental hits Frances but does no damage.
Frances hits you with a halberd!!
* * * LOW HITPOINT WARNING * * *
You take 23 damage, and have 13/97 hp.
MASSIVE DAMAGE!!
Read which item? (? for menu, Esc to quit)
Really read
R - 2 scrolls of blinking {!r}?
Blink to where?
You are very lightly contaminated with residual magic.
As you read the scroll of blinking {!r}, it crumbles to dust.
Your air elemental merges itself into the air.
Your air elemental forms itself from the air!
Your air elemental merges itself into the air.
Your air elemental forms itself from the air!
Your air elemental forms itself from the air!
Your air elemental merges itself into the air.
Your air elemental forms itself from the air!
Frances screams a word of power!
The iron shot hits your air elemental. What do you say? t - Shout!
Orders for allies: a - Attack new target. r - Retreat! s - Stop attacking. w - Wait here. f - Follow me.
Anything else - Stay silent.
Okay, then.
Your air elemental barely misses Frances.
Your air elemental hits Frances.
Frances mutters in a terrible tongue.
The shard of ice misses your air elemental.
Your air elemental merges itself into the air.
Your air elemental forms itself from the air!
MP restored: 15 You open the door.
Your air elemental hits Frances.
Your air elemental hits Frances.
Frances hits your air elemental with a halberd!!
Your air elemental is destroyed!
There is an open door here.
You close the door.
Something unseen opens the door.
You fade into invisibility!
This wand has 4 charges left.
Frances mutters a nigh-unspeakable word.
Frances completely misses you.
Unknown command.
Here: Frances, wielding a halberd and wearing a chain mail (moderately wounded, fast)
The floor.
Unknown command.
Drink which item? (? for menu, Esc to quit)
You feel much better. Frances closely misses you.
You regained 27 hp, and now have 54/97 hp.
Frances completely misses you.
Okay, then.
Drink which item? (? for menu, Esc to quit)
Okay, then.
Frances screams a word of power!
Okay, then.
Unknown command.
Drink which item? (? for menu, Esc to quit)
You feel agile all of a sudden.
Unknown command.
Frances says, "There is a strange beauty in the demonic, don't you think?"
Frances whispers indecipherable words.
The iron shot hits you!
* * * LOW HITPOINT WARNING * * *
Frances hits you from afar with a halberd!
You die...

####.∩..### #######
############...⌠.⌠...#
#......
..........[†.......###
###......
.......'.###.#....)..#
#.......E .......###
#.####..#.# ##.#......
.......# #...#...#.#
#..#...... .......#
####.#..@#####@##......
..(....#
#..........##..##......
.......#
##.....@#.#.##.###......
†......#
#..#'#..#.#.#..# #......
)#######
#..'∩'..#.@.'.## #......
.## #..#'#......###
#...... ..#
#=......#4+## ####...
#.## #..........##
##...## #..#
#.....#.....# #......
##'####
#...###...#.######......
......#
#............#...'......


You could see Frances.

Vanquished Creatures
  Maud (Lair:6)
  2 orc warlords
  Snorg (Lair:4)
  7 hydras
  2 ice dragons (IceCv)
  A centaur warrior (D:8)
  3 catoblepae (Lair:8)
  12 death yaks
  4 orc high priests (Orc:4)
  An unseen horror (D:11)
  2 ice statues (IceCv)
  A hill giant (D:10)
  3 orc sorcerers (Orc:4)
  3 orc knights (Orc:4)
  3 griffons
  An ugly thing (D:11)
  12 black mambas
  13 elephants
  A siren (Lair:3)
  3 fire drakes
  A gargoyle (D:11)
  7 komodo dragons
  8 spiny frogs
  2 polar bears
  5 trolls
  Grinder (D:4)
  5 blink frogs (Lair:4)
  34 yaks
  A wyvern (D:12)
  A trapdoor spider (D:11)
  10 hippogriffs
  3 basilisks
  A hog (Lair:5)
  A hungry ghost (D:12)
  6 vampire mosquitoes
  2 wargs
  6 wolves
  A steam dragon (D:8)
  14 water moccasins
  3 insubstantial wisps (D:11)
  9 porcupines
  Duvessa (D:6)
  3 sky beasts
  A phantom (D:11)
  Purgy (D:3)
  21 orc warriors
  27 ice beasts
  12 centaurs
  12 ogres
  10 crocodiles
  3 big kobolds
  A gnoll sergeant (D:8)
  10 giant frogs
  Dowan (D:6)
  5 scorpions
  9 wights
  An electric eel (Lair:6)
  4 crimson imps
  A giant frog zombie (D:12)
  A wasp zombie (D:9)
  A quasit (D:7)
  A centaur zombie (D:10)
  A jelly (D:12)
  29 orc priests
  25 orc wizards
  2 centaur skeletons (D:9)
  Crazy Yiuf (D:5)
  2 hounds
  6 worker ants
  A giant frog skeleton (D:5)
  A gnoll shaman (D:4)
  7 iguanas
  8 sheep
  A hound zombie (D:6)
  2 hound skeletons
  15 adders
  14 gnolls
  22 river rats
  A shadow imp (D:12)
  A white imp (Lair:1)
  An ooze (D:1)
  3 worms
  5 giant geckos
  125 orcs
  2 ball pythons
  11 bats
  A bat zombie (D:5)
  10 giant cockroaches
  17 hobgoblins
  18 kobolds
  4 giant newts
  A giant spore (D:6)
  23 goblins
  15 jackals
  7 quokkas
  A quokka skeleton (D:4)
  16 rats
722 creatures vanquished.

Vanquished Creatures (collateral kills)
  2 death yaks
  An orc warrior (D:10)
  An orc priest (D:10)
  A river rat (Lair:3)
  2 orcs (D:10)
7 creatures vanquished.

Vanquished Creatures (others)
  2 air elementals
  A fire elemental (D:10)
  A hippogriff (Lair:3)
  A crocodile (Lair:3)
  An orc (Orc:4)
6 creatures vanquished.

Grand Total: 735 creatures vanquished

Notes
Turn   | Place    | Note
--------------------------------------------------------------
     0 | D:1      | RobertPalmer, the Kobold Hunter, began the quest for the Orb.
     0 | D:1      | Reached XP level 1. HP: 12/12 MP: 1/1
    12 | D:1      | Reached skill level 1 in Short Blades
    94 | D:1      | Reached skill level 2 in Short Blades
    94 | D:1      | Reached XP level 2. HP: 12/17 MP: 2/2
   394 | D:1      | Reached skill level 3 in Short Blades
   448 | D:1      | Reached XP level 3. HP: 16/21 MP: 3/3
   920 | D:2      | Found a sparkling altar of Nemelex Xobeh.
   984 | D:2      | Reached skill level 4 in Short Blades
  1187 | D:2      | Noticed Robin
  1209 | D:2      | Reached XP level 4. HP: 26/26 MP: 4/4
  1516 | D:2      | Found a glowing golden altar of the Shining One.
  2001 | D:3      | Reached skill level 5 in Short Blades
  2298 | D:3      | Reached XP level 5. HP: 23/30 MP: 5/5
  2425 | D:3      | Noticed Purgy
  2743 | D:3      | Killed Purgy
  2743 | D:3      | Reached skill level 7 in Short Blades
  2743 | D:3      | Reached XP level 6. HP: 26/35 MP: 6/6
  3346 | D:4      | Noticed RobertPalmer's ghost (experienced KoHu)
  3827 | D:4      | Found a snail-covered altar of Cheibriados.
  3862 | D:4      | Reached skill level 8 in Short Blades
  3875 | D:4      | Noticed Grinder
  4102 | D:4      | Reached XP level 7. HP: 38/40 MP: 7/7
  4202 | D:4      | Paralysed by Grinder for 6 turns
  4222 | D:4      | Reached skill level 9 in Short Blades
  4244 | D:4      | Killed Grinder
  4244 | D:4      | Reached skill level 10 in Short Blades
  4340 | D:5      | Entered Level 5 of the Dungeon
  4390 | D:5      | Found a staircase to the Ecumenical Temple.
  4505 | D:5      | Reached XP level 8. HP: 44/44 MP: 8/8
  4592 | D:5      | Reached skill level 11 in Short Blades
  4745 | D:4      | Found Ixodaihi's Weapon Boutique.
  4992 | D:5      | Found a deep blue altar of Sif Muna.
  4995 | D:5      | Found a shadowy altar of Dithmenos.
  5001 | D:5      | Found an ancient bone altar of Kikubaaqudgha.
  5048 | D:5      | Found a basalt altar of Yredelemnul.
  5164 | D:5      | Reached skill level 12 in Short Blades
  5285 | Temple   | Entered the Ecumenical Temple
  5324 | Temple   | Became a worshipper of Warmaster Okawaru
  5420 | D:5      | Noticed Crazy Yiuf
  5444 | D:5      | Paralysed by Crazy Yiuf for 6 turns
  5452 | D:5      | Killed Crazy Yiuf
  5533 | D:6      | Noticed Blork the orc
  5570 | D:5      | Reached skill level 3 in Dodging
  5649 | D:6      | Reached skill level 4 in Dodging
  5876 | D:6      | Reached skill level 1 in Armour
  5876 | D:6      | Reached XP level 9. HP: 45/48 MP: 9/9
  5900 | D:6      | Reached skill level 2 in Armour
  5944 | D:6      | Noticed Duvessa
  5956 | D:6      | Killed Duvessa
  5956 | D:6      | Reached skill level 3 in Armour
  5959 | D:6      | Noticed Dowan
  5967 | D:6      | Killed Dowan
  6166 | D:6      | Reached skill level 4 in Armour
  6198 | D:6      | Acquired Okawaru's first power
  6506 | D:7      | Got a polished cloak
  6569 | D:7      | Reached skill level 5 in Dodging
  6666 | D:7      | Reached skill level 6 in Dodging
  6861 | D:7      | Reached skill level 7 in Dodging
  6863 | D:7      | Identified the +2 cloak "Fyixuek" {Str+2 SInv} (You found it on level 7 of the Dungeon)
  7079 | D:7      | Found a glowing silver altar of Zin.
  7224 | D:7      | Noticed a moth of wrath
  7229 | D:7      | Found a bloodstained altar of Trog.
  7340 | D:7      | Reached skill level 8 in Dodging
  7507 | D:8      | Reached XP level 10. HP: 41/53 MP: 10/10
  7574 | D:8      | Found Eplen's Jewellery Emporium.
  7687 | D:8      | Found Naekle's Magic Scroll Emporium.
  7856 | D:8      | Found Atuop's Antique Armour Emporium.
  7877 | D:8      | Bought a pair of gloves for 130 gold pieces
  7954 | D:8      | Reached skill level 9 in Dodging
  8017 | D:8      | Reached skill level 5 in Crossbows
  8265 | D:8      | Found Pairphum's Book Boutique.
  8269 | D:8      | Reached skill level 6 in Crossbows
  8406 | D:8      | Noticed a centaur warrior
  8454 | D:8      | Killed a centaur warrior
  8454 | D:8      | Reached skill level 8 in Crossbows
  8540 | D:9      | Noticed quik's ghost (powerful TrMo)
  8685 | D:9      | Got an ichor-stained long sword
  8686 | D:9      | Identified the +10 long sword of Rira {speed, rPois MR+++ Int-3 Dex+3} (You found it on level 9 of the Dungeon)
  8802 | D:9      | Reached skill level 1 in Long Blades
  8822 | D:9      | Found a burning altar of Makhleb.
  8822 | D:9      | Found a stormy altar of Qazlal.
  9017 | D:9      | Found a radiant altar of Vehumet.
  9154 | D:10     | Entered Level 10 of the Dungeon
  9194 | D:10     | Reached skill level 2 in Long Blades
  9387 | D:10     | Reached skill level 3 in Long Blades
  9612 | D:10     | Found a staircase to the Lair.
  9655 | D:10     | Noticed a hill giant
  9688 | D:10     | Killed a hill giant
  9688 | D:10     | Received a gift from Okawaru
  9688 | D:10     | Reached skill level 4 in Long Blades
  9887 | D:11     | Reached XP level 11. HP: 57/57 MP: 11/11
 10016 | D:11     | Reached skill level 5 in Long Blades
 10051 | D:11     | Found an ancient bone altar of Kikubaaqudgha.
 10057 | D:11     | Noticed a gargoyle
 10068 | D:11     | Killed a gargoyle
 10119 | D:11     | Reached skill level 6 in Long Blades
 10142 | D:11     | Noticed an unseen horror
 10157 | D:11     | Killed an unseen horror
 10157 | D:11     | Acquired Okawaru's second power
 10157 | D:11     | Reached skill level 7 in Long Blades
 10265 | D:11     | Found a staircase to the Orcish Mines.
 10323 | D:11     | Received a gift from Okawaru
 10324 | D:11     | Got a slimy arbalest {god gift}
 10326 | D:11     | Identified the +7 arbalest "Pam Oki" {venom, rF+ MR+ Str+3 Stlth-} (Okawaru gifted it to you on level 11 of the Dungeon)
 10411 | D:11     | Noticed a purple ugly thing
 10421 | D:11     | Killed a purple ugly thing
 10512 | D:11     | Reached skill level 8 in Long Blades
 10707 | Lair:1   | Entered Level 1 of the Lair of Beasts
 10858 | Lair:1   | Noticed an ice dragon
 10859 | Lair:1   | Noticed an ice statue
 11436 | Lair:2   | Reached skill level 9 in Long Blades
 11581 | Lair:2   | Noticed a five-headed hydra
 11586 | Lair:2   | Killed a five-headed hydra
 11586 | Lair:2   | Reached XP level 12. HP: 45/62 MP: 12/12
 11759 | Lair:2   | Received a gift from Okawaru
 12115 | Lair:3   | Reached skill level 10 in Long Blades
 12233 | Lair:3   | Found a dark tunnel.
 12239 | Volcano  | Entered a volcano
 12434 | Lair:3   | Received a gift from Okawaru
 12853 | Lair:3   | Noticed a seven-headed hydra
 13012 | Lair:3   | Reached skill level 9 in Crossbows
 13266 | Lair:3   | Found a staircase to the Shoals.
 13333 | Lair:3   | Reached skill level 3 in Fighting
 13564 | Lair:3   | Killed a 19-headed hydra
 13564 | Lair:3   | Reached skill level 4 in Fighting
 13640 | Lair:3   | Reached skill level 5 in Fighting
 13770 | Lair:4   | Noticed Snorg
 13787 | Lair:4   | Killed Snorg
 13787 | Lair:4   | Received a gift from Okawaru
 13787 | Lair:4   | Reached skill level 6 in Fighting
 13859 | Lair:4   | Received a gift from Okawaru
 13859 | Lair:4   | Reached skill level 7 in Fighting
 13942 | Lair:4   | Reached XP level 13. HP: 76/76 MP: 13/13
 13959 | Lair:4   | Found a staircase to the Snake Pit.
 13977 | Lair:4   | Received a gift from Okawaru
 13984 | Lair:4   | Reached skill level 8 in Fighting
 14177 | Lair:4   | Reached skill level 9 in Fighting
 14439 | Lair:4   | Received a gift from Okawaru
 14646 | Lair:4   | Reached skill level 10 in Fighting
 14938 | Lair:5   | Noticed namelastname112's ghost (powerful DrHu)
 14983 | Lair:5   | Noticed Kirke
 15031 | Lair:5   | Reached skill level 11 in Fighting
 15055 | Lair:5   | Found a frozen archway.
 15063 | IceCv    | Entered an ice cave
 15462 | IceCv    | Reached skill level 12 in Fighting
 15590 | IceCv    | Got a shimmering golden ring
 15626 | IceCv    | Identified the ring of Kuuschep {Wiz rElec Int+6 Dex-2} (You found it in an ice cave)
 15857 | Lair:5   | Learned a level 6 spell: Deflect Missiles
 15933 | Lair:5   | Reached skill level 1 in Air Magic
 15952 | Lair:5   | Reached skill level 2 in Air Magic
 16164 | Lair:6   | Reached XP level 14. HP: 92/92 MP: 14/14
 16285 | Lair:6   | Received a gift from Okawaru
 16285 | Lair:6   | Reached skill level 10 in Crossbows
 16524 | Lair:6   | Reached skill level 11 in Crossbows
 16782 | Lair:6   | Got an ichor-stained ring mail
 16912 | Lair:6   | Noticed Maud
 16931 | Lair:6   | HP: 9/92 [Maud/enchanted broad axe (26)]
 16933 | Lair:6   | Killed Maud
 16933 | Lair:6   | Received a gift from Okawaru
 17023 | Lair:6   | Reached skill level 12 in Crossbows
 17449 | Lair:7   | Reached skill level 13 in Crossbows
 17482 | Lair:7   | Received a gift from Okawaru
 17483 | Lair:7   | Got a brightly glowing dagger {god gift}
 17484 | Lair:7   | Identified the +4 dagger of the Present {venom, rF- rC++ Dex+2 SInv} (Okawaru gifted it to you on level 7 of the Lair of Beasts)
 17994 | Lair:7   | Received a gift from Okawaru
 18008 | Lair:7   | Identified the +3 ring mail of the Dolphin {rN++ MP+9} (You found it on level 6 of the Lair of Beasts)
 18023 | Lair:8   | Entered Level 8 of the Lair of Beasts
 18025 | Lair:8   | Reached skill level 14 in Crossbows
 18244 | Lair:8   | Received a gift from Okawaru
 18328 | Lair:8   | Got a steaming plate armour {god gift}
 18511 | Lair:7   | Reached skill level 15 in Crossbows
 18611 | Lair:8   | Reached XP level 15. HP: 97/97 MP: 15/15
 19151 | Lair:8   | Reached skill level 16 in Crossbows
 19200 | Lair:8   | Found a staircase to the Slime Pits.
 19490 | Lair:8   | Learned a level 1 spell: Summon Butterflies
 19493 | Lair:8   | Learned a level 2 spell: Swiftness
 20136 | Orc:1    | Entered Level 1 of the Orcish Mines
 20343 | Orc:3    | Noticed an orc warlord
 20370 | Orc:2    | Killed an orc warlord
 20370 | Orc:2    | Received a gift from Okawaru
 20396 | Orc:3    | HP: 21/97 [orc priest/divine providence (13)]
 20409 | Orc:2    | HP: 24/97 [orc warrior/battleaxe[an orc warlord] (6)]
 20415 | Orc:2    | HP: 18/97 [orc warrior/long sword[an orc warlord] (8)]
 20417 | Orc:2    | HP: 5/97 [orc warrior/long sword[an orc warlord] (14)]
 20812 | Orc:3    | Found a staircase to the Elven Halls.
 21119 | Orc:4    | Entered Level 4 of the Orcish Mines
 21128 | Orc:4    | Received a gift from Okawaru
 21135 | Orc:4    | Got a faintly glowing buckler {god gift}
 21474 | Orc:4    | Noticed an orc warlord
 21514 | Orc:4    | Reached skill level 10 in Dodging
 21527 | Orc:4    | Killed an orc warlord
 21699 | Orc:4    | Reached skill level 11 in Dodging
 21735 | Orc:4    | HP: 20/97 [smoke demon/divine providence[an orc sorcerer] (15)]
 21901 | Orc:4    | Upgraded the game from 0.17-a0-848-g7e5c6af to 0.17-a0-854-g4a4ba72
 22239 | Orc:4    | Found Voeriah's General Store.
 22240 | Orc:4    | Found Qownyruc's Jewellery Shop.
 22241 | Orc:4    | Found Vueg's Antique Armour Boutique.
 22241 | Orc:4    | Found Aleneofe's Antique Weapon Boutique.
 22256 | Orc:4    | Bought the ring "Ikulyas" {rPois Dex+2 SInv} for 425 gold pieces
 22261 | Orc:4    | Bought the +9 dagger of Chilly Death {freeze, rPois rF- rC++ MR+} for 910 gold pieces
 22261 | Orc:4    | Bought a potion of beneficial mutation for 420 gold pieces
 22261 | Orc:4    | Bought a scroll of identify for 24 gold pieces
 22261 | Orc:4    | Bought a scroll of identify for 24 gold pieces
 22274 | Orc:4    | Bought an embroidered hat for 84 gold pieces
 22812 | D:12     | Reached skill level 12 in Dodging
 22842 | D:12     | Found Ynlu's Assorted Antiques.
 22851 | D:12     | Bought a potion of heal wounds for 105 gold pieces
 22851 | D:12     | Bought a scroll of magic mapping for 73 gold pieces
 22946 | D:12     | Found Xikis's Antique Armour Shoppe.
 23025 | D:12     | Found Jafisch's General Store.
 23042 | D:12     | Received a gift from Okawaru
 23067 | D:12     | Found Bustange's Distillery.
 23080 | D:12     | Gained mutation: You possess an exceptional clarity of mind. [potion of beneficial mutation]
 23081 | D:12     | Bought a potion of heal wounds for 65 gold pieces
 23081 | D:12     | Bought a potion of heal wounds for 65 gold pieces
 23081 | D:12     | Bought a potion of might for 52 gold pieces
 23081 | D:12     | Bought a potion of agility for 52 gold pieces
 23081 | D:12     | Bought a potion of curing for 39 gold pieces
 23081 | D:12     | Bought a potion of curing for 39 gold pieces
 23141 | D:12     | Found Beutweo's Assorted Antiques.
 23185 | D:12     | Noticed Frances
 23200 | D:12     | HP: 19/97 [Frances/halberd (15)]
 23232 | D:12     | HP: 12/97 [Frances/iron shot (46)]
 23232 | D:12     | Slain by Frances

Action                   |  1- 3 |  4- 6 |  7- 9 | 10-12 | 13-15 || total
-------------------------+-------+-------+-------+-------+-------++-------
Melee: Short sword       |   129 |   144 |       |       |       ||   273
       Rapier            |       |    65 |   574 |   263 |       ||   902
       Long sword        |       |       |       |   470 |   836 ||  1306
       Dagger            |       |       |       |       |   187 ||   187
 Fire: Hand crossbow     |     8 |    30 |    75 |    67 |       ||   180
       Blowgun           |       |     2 |       |       |       ||     2
       Arbalest          |       |       |       |    72 |   381 ||   453
Invok: Heroism           |       |       |       |     2 |     6 ||     8
       Finesse           |       |       |       |       |     1 ||     1
Evoke: Wand              |       |       |     3 |     7 |     5 ||    15
       Lamp of fire      |       |       |       |     1 |     3 ||     4
       Fan of gales      |       |       |       |       |     3 ||     3
  Use: Scroll            |       |    10 |     9 |    14 |    21 ||    54
       Potion            |       |     3 |     3 |     4 |     9 ||    19
 Stab: Sleeping          |     3 |     2 |     1 |     4 |     4 ||    14
       Distracted        |       |       |     1 |     1 |       ||     2
       Invisible         |       |       |       |     3 |     4 ||     7
  Eat: Chunk             |     3 |     3 |    17 |    26 |    27 ||    76
       Meat ration       |     1 |       |       |       |       ||     1
       Pizza             |       |       |       |       |     1 ||     1
       Beef jerky        |       |       |       |       |     1 ||     1

Vault maps used:
D:1:      saegor_arrival_simple_c, serial_bayou_lagoon_a, hex_medium
D:2:      nicolae_overflow_hidden_temple, nicolae_tso_swordbearing_angel,
          uniq_robin
D:3:      hangedman_glass_teeth, uniq_purgy
D:4:      lemuel_doored_altar, serial_shops, shop, minmay_misc_feat_hallway,
          uniq_grinder
D:5:      minitemple, kennysheep_little_box, temple_doors_e, first_bread,
          uniq_crazy_yiuf_cottage
D:6:      uniq_blork_the_orc, uniq_duvessa
D:7:      old_standard_altar, tgw_trog, grunt_ogre_cave
D:8:      serial_shops, shop, shop, shop, shop, minmay_three_doors
D:9:      old_standard_altar, gammafunk_temple_overflow_elements
D:10:     lair_0_dummy
D:11:     orc_0_dummy, basic_altar, spider_trap, pond
D:12:     serial_shops, kennysheep_mini_moat, kennysheep_mini,
          nicolae_shop_statue_plus, shop, shop_fountains, uniq_frances
Temple:   temple_island_7
Lair:1:   ice2_lemuel, grunt_megastairs_3
Lair:3:   minmay_shoals_entry_lonely_mermaid, nicolae_volcano_entry_two_sided,
          cheibrodos_lair_reptile_den
Lair:4:   minmay_snake_entry_six_corridors, lemuel_fruit_tree, uniq_snorg
Lair:5:   portal_ice_cave_entry_pillars_02, uniq_kirke
Lair:6:   serial_bayou_shore_a, grunt_megastairs_2, uniq_maud
Lair:7:   minivault_23, st_stairs_11, minivault_25
Lair:8:   evilmike_catoblepas_cave, slime_dummy
Orc:1:    nicolae_orc_lost_temple, uniq_gastronok
Orc:2:    nicolae_orc_accident_1, serial_shops, shop
Orc:3:    nicolae_orc_pool_cavern
Orc:4:    st_orc_congregation
IceCv:    ice_cave_small_dragons
Volcano:  volcano_lake

Table legend:
 A = Turns spent in this place as a percentage of turns spent in the entire game.
 B = Non-inter-level travel turns spent in this place as a percentage of non-inter-level travel turns spent in the entire game.
 C = Inter-level travel turns spent in this place as a percentage of turns spent in this place.
 D = Turns resting spent in this place as a percentage of non-inter-level travel turns spent in this place.
 E = Turns spent auto-exploring this place as a percentage of non-inter-level travel turns spent in this place.
 F = Non-inter-level travel turns spent in this place divided by the number of levels of this place that you've seen.
                   A       B       C       D       E      F
               +-------+-------+-------+-------+-------+----------------------
         Total | 100.0 | 100.0 |   0.5 |   1.2 |   6.7 | 370.0
       Dungeon |  48.0 |  48.0 |   0.6 |   1.2 |   7.4 | 399.8
        Temple |   0.4 |   0.4 |   2.3 |   0.0 |   0.0 |  43.0
          Lair |  33.9 |  33.9 |   0.6 |   1.4 |   5.5 | 422.8
  Orcish Mines |  12.9 |  12.9 |   0.4 |   0.9 |   9.5 | 322.5
      Ice Cave |   3.5 |   3.5 |   0.0 |   2.3 |   2.6 | 349.0
       Volcano |   1.3 |   1.3 |   0.0 |   0.0 |   0.0 | 129.0
               +-------+-------+-------+-------+-------+----------------------

Table legend:
 A = Kills in this place as a percentage of kills in entire the game.
 B = Kills by you in this place as a percentage of kills by you in the entire game.
 C = Kills by friends in this place as a percentage of kills by friends in the entire game.
 D = Other kills in this place as a percentage of other kills in the entire game.
 E = Experience gained in this place as a percentage of experience gained in the entire game.
 F = Experience gained in this place divided by the number of levels of this place that you have seen.
                   A       B       C       D       E      F
               +-------+-------+-------+-------+-------+----------------------
         Total | 100.0 | 100.0 | 100.0 |  -nan | 100.0 | 3714.8
       Dungeon |  41.7 |  41.5 |  57.1 |  -nan |  15.8 | 1323.9
          Lair |  29.8 |  29.7 |  42.9 |  -nan |  62.8 | 7871.6
  Orcish Mines |  25.9 |  26.1 |   0.0 |  -nan |  16.0 | 4019.0
      Ice Cave |   2.6 |   2.6 |   0.0 |  -nan |   5.3 | 5364.0
               +-------+-------+-------+-------+-------+----------------------
